 Dungeon Crawl Stone Soup version 0.23-b1-67-g8bd44de (webtiles) character file.

Game seed: 16699541614768789375

46 Yuikono the Gusty (level 3, -2/19 HPs)
             Began as a Tengu Air Elementalist on Feb 5, 2019.
             Slain by Crazy Yiuf
             ... wielding a +4 quarterstaff of chaos
              (8 damage)
             ... on level 2 of the Dungeon.
             The game lasted 00:04:42 (1519 turns).

Yuikono the Gusty (Tengu Air Elementalist)          Turns: 1519, Time: 00:04:43

Health: -2/19      AC:  2    Str:  8    XL:     3   Next: 66%
Magic:  1/7        EV: 12    Int: 16    God:
Gold:   110        SH:  0    Dex: 14    Spells: 1/7 levels left

rFire    . . .     SeeInvis .   f - +1 club
rCold    . . .     Gourm    .   (no shield)
rNeg     . . .     Faith    .   a - +0 robe
rPois    .         Spirit   .   (helmet restricted)
rElec    .         Reflect  .   (no cloak)
rCorr    .         Harm     .   (no gloves)
MR       .....                  (boots unavailable)
Stlth    ++........             (no amulet)
HPRegen  0.06/turn              (no ring)
MPRegen  0.10/turn              (no ring)

@: sluggish, about to teleport, lightly drained, very slow
A: beak, talons 3
a: no special abilities


You were on level 2 of the Dungeon.
You were very hungry.

You visited 1 branch of the dungeon, and saw 2 of its levels.

You collected 110 gold pieces.

Inventory:

Hand Weapons
 f - a +1 club (weapon)
Missiles
 e - 33 sling bullets
 h - 49 stones (quivered)
 k - 22 bolts
 l - 12 poisoned needles
Armour
 a - a +0 robe (worn)
Jewellery
 m - an uncursed ring of see invisible {unknown}
Scrolls
 g - a scroll of remove curse
 j - a scroll of teleportation
 n - a scroll of amnesia {unknown}
Potions
 b - a potion of degeneration {unknown}
 d - a potion of ambrosia {unknown}
 i - 2 potions of might {unknown}
 p - a potion of brilliance {unknown}
Comestibles
 c - 2 rations


   Skills:
 - Level 2.1(1.9) Dodging
 - Level 2.0(1.7) Stealth
 + Level 2.6(2.4) Spellcasting
 + Level 2.8(2.6) Conjurations
 + Level 4.7(4.5) Air Magic


You had one spell level left.
You knew the following spells:

 Your Spells              Type           Power        Failure   Level  Hunger
a - Shock                 Conj/Air       ##..         4%          1    #......
b - Swiftness             Chrm/Air       #.......     12%         2    ###....
c - Static Discharge      Conj/Air       ##......     14%         3    ###....

Your spell library contained the following spells:

 Spells                   Type           Power        Failure   Level  Hunger
 Airstrike                Air            ###.......   30%         4    #####..
 Lightning Bolt           Conj/Air       ##........   77%         5    ######.


Dungeon Overview and Level Annotations

Branches:
Dungeon (2/15)

Altars:

Annotations:
D:2 Crazy Yiuf


Innate Abilities, Weirdness & Mutations

You have a beak for a mouth.
You have claws for feet.


Message History

You feel drained.
Crazy Yiuf laughs, "Announcement sizzlefizz senile!"
Crazy Yiuf barely misses you.
Okay, then.
As you read the scroll labeled KUM CUNGECEKKE, it crumbles to dust.
You feel blessed for a moment.
It was a scroll of remove curse.
As you read the scroll labeled LENLIM NEERPHU, it crumbles to dust.
The creatures around you are filled with an inner flame!
It was a scroll of immolation.
You start to feel a little faster.
Crazy Yiuf says, "Gum blue tired!"
Crazy Yiuf misses you.
As you read the scroll labeled MYIMOV MICRE, it crumbles to dust.
It is a scroll of enchant weapon.
Your +0 club glows red for a moment.
Crazy Yiuf closely misses you.
Okay, then.
As you read the scroll labeled QAETYICVAL, it crumbles to dust.
You feel strangely unstable.
It was a scroll of teleportation.
Crazy Yiuf hits you with a +4 quarterstaff of chaos!
You die...

#### ...#####
.......# ...###.#
..+# #.# ...♣ #.#
...♣ #.# ♣.♣♣
#.############
♣♣.♣
#.........g@.#
♣.♣♣
############.####
♣g♣ #....# .♣♣
#.#### '# #.# ..
#.# ..# #.# ..#
#.# ### #.#


You could see Crazy Yiuf (inner flame).

Vanquished Creatures
  An ooze (D:1)
  A dart slug (D:1)
  2 leopard geckos (D:1)
  A ball python (D:1)
  2 bats (D:1)
  A giant cockroach (D:2)
  4 goblins
  8 hobgoblins
  4 jackals (D:1)
  2 kobolds
  A quokka (D:2)
  2 frilled lizards
  3 rats (D:1)
32 creatures vanquished.

Notes
Turn   | Place    | Note
-------+----------+-------------------------------------------
     0 | D:1      | Yuikono the Tengu Air Elementalist began the quest for the
                  | Orb.
     0 | D:1      | Reached XP level 1. HP: 10/10 MP: 4/4
   190 | D:1      | Reached XP level 2. HP: 11/15 MP: 4/6
   276 | D:1      | Learned a level 2 spell: Swiftness
   838 | D:1      | Reached XP level 3. HP: 19/19 MP: 4/7
  1313 | D:2      | Learned a level 3 spell: Static Discharge
  1475 | D:2      | Found a runed translucent door.
  1476 | D:2      | Noticed Crazy Yiuf
  1519 | D:2      | Slain by Crazy Yiuf

Skill      XL: |  1 |
---------------+----+-----
Conjurations   | 2 |  2.8
Dodging        | |  2.1
Stealth        | |  2.0
Spellcasting   | |  2.6
Air Magic      | |  4.7

Action                   || total
-------------------------++-------
Melee: Club              ||    25
       Kick              ||     7
       Peck              ||     3
 Cast: Shock             ||    44
       Swiftness         ||     1
  Use: Scroll            ||     4
 Stab: Sleeping          ||     2
  Eat: Chunk             ||     1
Armor: Robe              ||     7
Dodge: Dodged            ||    28
